 Dungeon Crawl Stone Soup version 0.29.1-1-gd02db6906a (webtiles) character file.

Game seed: 875432211153612956

129 croobank the Caller (level 5, -7/34 HPs)
             Began as an Octopode Summoner on Sept 29, 2022.
             Killed by divine providence
             ... invoked by an orc priest
              (14 damage)
             ... on level 6 of the Dungeon.
             The game lasted 00:13:02 (3769 turns).

croobank the Caller (Octopode Summoner)             Turns: 3769, Time: 00:13:03

Health: -7/34      AC:  1    Str:  7    XL:     5   Next: 12%
Magic:  8/9        EV: 13    Int: 20    God:
Gold:   152        SH:  0    Dex: 12    Spells: 0/9 levels left

rFire   + . .      SeeInvis .   a - +3 short sword
rCold   + . .      Faith    .   (no shield)
rNeg    . . .      Spirit   .   (helmet restricted)
rPois   .          Reflect  .   (no amulet)
rElec   .          Harm     .   h - ring of protection from fire
rCorr   .          Rampage  .   q - ring of protection from cold
Will    .....                   (no ring)
Stlth   +++.......              (no ring)
HPRegen 0.11/turn               (no ring)
MPRegen 0.11/turn               (no ring)
                                (no ring)
                                (no ring)

@: no status effects
A: almost no armour, amphibious, 8 rings, camouflage 1, gelatinous body 1,
(nimble swimmer 1), tentacles
a: no special abilities


You were on level 6 of the Dungeon.
You visited 1 branch of the dungeon, and saw 4 of its levels.

You collected 152 gold pieces.

Inventory:

Hand Weapons
 a - a +3 short sword (weapon)
 c - a +0 dagger
 e - a +0 spear
 s - a +0 trident
Magical Staves
 g - a staff of earth
Jewellery
 h - a ring of protection from fire (left tentacle)
 q - a ring of protection from cold (right tentacle)
Scrolls
 t - a scroll of enchant armour {unknown}
Potions
 b - 2 potions of degeneration
 d - 3 potions of might
 f - a potion of mutation {unknown}
 k - a potion of brilliance
 l - a potion of magic
 m - a potion of cancellation {unknown}
 o - a potion of ambrosia {unknown}
 p - a potion of curing {unknown}
 r - a potion of heal wounds {unknown}


   Skills:
 + Level 1.9 Fighting
 + Level 3.0 Dodging
 - Level 2.9 Stealth
 + Level 2.9 Spellcasting
 + Level 4.6 Summonings


You couldn't memorise any spells.
You knew the following spells:

 Your Spells              Type           Power      Damage    Failure   Level
a - Summon Small Mammal   Summ           84%        N/A       2%          1
b - Call Imp              Summ           21%        N/A       3%          2
c - Call Canine Familiar  Summ           21%        N/A       6%          3
d - Summon Guardian Gole  Hex/Summ       12%        N/A       17%         3

Your spell library contained the following spells:

 Spells                   Type           Power      Damage    Failure   Level
 Summon Lightning Spire   Summ/Air       12%        N/A       50%         4


Dungeon Overview and Level Annotations

Branches:
Dungeon (3/15)

Altars:
Elyvilon
Fedhas

Shops:
D:1 [


Innate Abilities, Weirdness & Mutations

You cannot wear most types of armour.
You are amphibious.
You can wear up to eight rings at the same time.
Your skin changes colour to match your surroundings (Stealth+).
Your rubbery body absorbs attacks. (AC +1, EV +1)
((You are camouflaged when in or above water. (Stealth+)))
You have tentacles for arms and can constrict up to eight enemies at once.


Message History

A hound, an orc and an orc priest come into view.
Found a war axe.
An orc priest comes into view. It is wielding a +0 short sword.
The orc priest shouts!
The orc shouts!
The orc priest miscasts a cantrip.
You hear a shout!
You swap places.
The hound barely misses your hound.
There is an open door here.
The hound stops to sniff the ground.
The hound closely misses your hound.
There's a creature in the doorway!
You swap places.
The hound barely misses you.
There's a creature in the doorway!
The hound barely misses you. The hound misses you.
Your hound barely misses the hound.
The hound barely misses you.
The orc priest closely misses your hound.
Your hound bites the hound.
The hound attacks as you move away! The hound barely misses you.
The hound bites you.
The orc priest mumbles some strange prayers to Beogh against you.
Beogh smites you!
* * * LOW HITPOINT WARNING * * *
Your hound bites the hound.
The hound barely misses you.
Your hound bites the hound.
The hound bites your hound.
Your hound closely misses the hound.
The orc priest looks satisfied for a moment.
You open the door. The hound misses your hound.
Your hound bites the hound.
The hound bites your hound.
Your hound closely misses the hound.
The hound bites your hound.
The orc priest casts a cantrip, but nothing happens.
There is an open door here.
The hound stops to sniff the ground.
The hound bites your hound. x2
Your hound dies!
Your hound's corpse disappears in a puff of smoke!
The orc priest invokes the aid of Beogh against you.
Beogh smites you!
You die...

...........# ...........#
# #........# #........#
###........#
..........o#####
.....#'##.o.o..#
.....#.##...h..#########
.....#.#.....ยง.'@.......
.....#o#.......#########
.....#o#'#######
######........
....##......).
....##........
....##.#......
....##.#......
....##.#......


You could see a hound (unaware), 2 orc priests and an orc.

Vanquished Creatures
  A giant cockroach (D:2)
  A hobgoblin (D:2)
  2 kobolds
  4 quokkas
  4 bats
  A rat (D:2)
13 creatures vanquished.

Vanquished Creatures (collateral kills)
  A hound (D:6)
  An iguana (D:6)
  An adder (D:2)
  2 worms (D:2)
  5 orcs (D:6)
  4 ball pythons
  2 bats
  4 endoplasms
  3 goblins
  4 hobgoblins
  A quokka (D:2)
  3 frilled lizards
  6 kobolds
  4 rats
41 creatures vanquished.

Grand Total: 54 creatures vanquished

Notes
Turn   | Place    | Note
-------+----------+-------------------------------------------
     0 | D:1      | croobank the Octopode Summoner began the quest for the Orb.
     0 | D:1      | Reached XP level 1. HP: 11/11 MP: 3/3
   485 | D:1      | Reached XP level 2. HP: 3/17 MP: 1/5
   488 | D:1      | Learned a level 2 spell: Call Imp
   755 | D:1      | Found a faded altar of an unknown god.
   767 | D:1      | Got Plato's Almanac of Illusion
  1122 | D:1      | Found Xyfima's Antique Armour Shop.
  1407 | D:2      | Reached XP level 3. HP: 17/22 MP: 1/6
  1597 | D:2      | Reached skill level 1 in Fighting
  1813 | D:2      | Learned a level 3 spell: Call Canine Familiar
  2026 | D:2      | Found a white marble altar of Elyvilon.
  2711 | D:3      | Reached XP level 4. HP: 28/28 MP: 4/7
  2934 | D:3      | You fall into a shaft and drop 3 floors!
  3088 | D:6      | Reached XP level 5. HP: 34/34 MP: 2/9
  3092 | D:6      | Learned a level 3 spell: Summon Guardian Golem
  3276 | D:6      | Found a blossoming altar of Fedhas.
  3481 | D:6      | Noticed a kobold brigand
  3769 | D:6      | Killed from afar by an orc priest

Illustrated notes

Levels and vault maps discovered:
D:1:      reono_arrival_forest_river, layout_basic, serial_shops,
          nicolae_shop_waterfront, shapermc_ecumenical_altar_rom_forum,
          minmay_pentomino_z2
D:2:      layout_basic, basic_altar, nicolae_titane
D:3:      layout_loops_ring, kennysheep_generic_room_16, uniq_sigmund,
          uniq_jessica
D:6:      layout_basic, overflow_temple_1_default

Skill      XL: |  1  2  3  4 |
---------------+-------------+-----
Fighting       | 1 |  1.9
Dodging        | 3 |  3.0
Stealth        | |  2.9
Spellcasting   | |  2.9
Summonings     | |  4.6

Action                   |  1- 3 |  4- 6 || total
-------------------------+-------+-------++-------
Melee: Constrict         |    12 |       ||    12
       Unarmed           |     4 |       ||     4
       Dagger            |    20 |       ||    20
       Tentacles         |     7 |       ||     7
       Short sword       |     4 |     1 ||     5
 Cast: Summon Small Mamm |    44 |    21 ||    65
       Call Imp          |    12 |     7 ||    19
       Call Canine Famil |     2 |     6 ||     8
  Use: Scroll            |       |     7 ||     7
 Stab: Distracted        |     2 |       ||     2
       Sleeping          |     1 |       ||     1
Armor: Skin              |     4 |     3 ||     7
Dodge: Dodged            |    18 |    12 ||    30
